 Dungeon Crawl Stone Soup version 0.29.1-1-gd02db6906a (webtiles) character file.

Game seed: 4640618565759479707

174 oldmanjim the Magician (level 5, 0/40 HPs)
             Began as a Djinni Ice Elementalist on Sept 16, 2022.
             Slain by Duvessa
             ... wielding a +0 short sword
              (7 damage)
             ... on level 4 of the Dungeon.
             The game lasted 00:28:42 (2976 turns).

oldmanjim the Magician (Djinni Ice Elementalist)    Turns: 2976, Time: 00:28:43

Health: 0/40       AC: 10    Str:  7    XL:     5   Next: 84%
Gold:   27         EV: 12    Int: 19    God:
                   SH:  0    Dex: 13

rFire   + + .      SeeInvis .   a - +1 dagger (speed)
rCold   x . .      Faith    .   (no shield)
rNeg    . . .      Spirit   .   h - +0 robe
rPois   ∞          Reflect  .   k - +0 helmet
rElec   .          Harm     .   (no cloak)
rCorr   .          Rampage  .   c - +0 pair of gloves
Will    .....                   (boots unavailable)
Stlth   ++........              (no amulet)
HPRegen 0.13/turn               (no ring)
MPRegen 0.00/turn               (no ring)

@: ice-armoured, freezing walls, flying
A: sickness immunity, fire resistance 2, cold vulnerability 1, float, innate
caster, HP casting, extra vitality 1
a: no special abilities


You were on level 4 of the Dungeon.
You visited 1 branch of the dungeon, and saw 3 of its levels.

You collected 99 gold pieces.
You spent 72 gold pieces at shops.

Inventory:

Hand Weapons
 a - a +1 dagger of speed (weapon)
 r - a +0 whip
Missiles
 b - 4 boomerangs (quivered)
 f - 16 stones
Armour
 c - a +0 pair of gloves (worn)
 h - a +0 robe (worn)
 k - a +0 helmet (worn)
 l - a +0 leather armour
Scrolls
 g - a scroll of fog {unknown}
 m - a scroll of fear
 o - a scroll of noise {unknown}
Potions
 d - 3 potions of mutation
 e - 2 potions of curing
 i - a potion of berserk rage {unknown}
 j - a potion of heal wounds {unknown}
 n - a potion of brilliance {unknown}
 p - a potion of lignification {unknown}
 q - 2 potions of attraction {unknown}
 s - a potion of ambrosia {unknown}


   Skills:
 - Level 3.0 Fighting
 - Level 2.1 Dodging
 - Level 1.5 Stealth
 + Level 4.5 Spellcasting


You couldn't memorise any spells.
You knew the following spells:

 Your Spells              Type           Power      Damage    Failure   Level
a - Freeze                Ice            84%        1d10      1%          1
b - Frozen Ramparts       Ice            42%        1d7       6%          3
c - Ozocubu's Armour      Ice            21%        N/A       6%          3
d - Hailstorm             Conj/Ice       21%        3d6       21%         4
e - Foxfire               Conj/Fire      84%        2x1d8     1%          1
f - Ensorcelled Hibernat  Hex/Ice        42%        N/A       3%          2
Your spell library was empty.

Dungeon Overview and Level Annotations

Branches:
Dungeon (2/15)

Altars:

Shops:
D:4 ==[?

Annotations:
D:4 Dowan, Duvessa


Innate Abilities, Weirdness & Mutations

You are immune to sickness and miasma.
You are immune to poison.
Your flesh is very heat resistant. (rF++)
You are vulnerable to cold. (rC-)
You float through the air rather than walking.
You learn spells naturally, not from books.
Your magical power is your life essence.
You have superior vitality. (+4 MHP)


Message History

As you read the scroll of fear, it crumbles to dust.
You assume a fearsome visage.
Duvessa looks frightened!
Dowan looks frightened!
The wall freezes Duvessa.
Your attack snaps Duvessa out of her fear.
Duvessa misses you.
The wall freezes Dowan but does no damage.
Dowan mumbles some strange words.
Dowan blinks!
Your icy armour and frozen ramparts will break if you move.
Continue?
Uppercase [Y]es or [N]o only, please.
Your icy armour and frozen ramparts will break if you move.
Continue? [Y]es or [N]o only, please.
Your icy armour and frozen ramparts will break if you move.
Continue?
Okay, then.
Your icy armour and frozen ramparts will break if you move.
Continue?
Okay, then.
Casting: Freeze (safe; 1% risk of failure)
Confirm with . or Enter, or press ? or * to list all spells.
You don't know that spell.
Casting: Freeze (safe; 1% risk of failure)
Confirm with . or Enter, or press ? or * to list all spells.
You don't know that spell.
Unknown command.
Casting: Freeze (safe; 1% risk of failure)
Confirm with . or Enter, or press ? or * to list all spells.
Aiming: Ensorcelled Hibernation (safe; 3% risk of failure)
Press: ? - help, Shift-Dir - straight line, f/p - Duvessa
Aim: Duvessa, wielding a +0 short sword and wearing a +0 scale mail (moderately wounded, chance to affect: 36%) Duvessa looks drowsy...
* * * LOW HITPOINT WARNING * * *
The wall freezes Duvessa.
Duvessa shouts!
Duvessa misses you.
The wall freezes Dowan.
Your attack snaps Dowan out of his fear.
Dowan gestures wildly while chanting.
Dowan blinks!
You completely miss Duvessa. Your punch misses Duvessa.
Duvessa is heavily wounded.
The wall freezes Duvessa.
Duvessa hits you with a +0 short sword!
You die...

............#..#
....#####.....## #.. ..
....#...#......#.... #.#
....#...#..........##..#
....#..)#...#..#........
....##)##...# ## ...8.8.
.....))....######.......
............#...#e8...8.
.........)......@§......
.............#..#e8.8...
.............##.........
.......).....##.....####
.#................###
...............####
.............###
..##......####
..###......#


You could see Duvessa and Dowan (fleeing).

Vanquished Creatures
  A jelly (D:4)
  An orc wizard (D:4)
  5 adders
  A worm (D:2)
  2 dart slugs
  4 orcs (D:4)
  6 endoplasms
  4 giant cockroaches
  6 goblins
  8 hobgoblins
  2 quokkas
  4 ball pythons
  5 bats
  2 frilled lizards
  4 kobolds
  5 rats
60 creatures vanquished.

Vanquished Creatures (others)
  69 foxfires
69 creatures vanquished.

Grand Total: 129 creatures vanquished

Notes
Turn   | Place    | Note
-------+----------+-------------------------------------------
     0 | D:1      | oldmanjim the Djinni Ice Elementalist began the quest for
                  | the Orb.
     0 | D:1      | oldmanjim set off with the following spells memorised:
                  | Freeze, Frozen Ramparts, Ozocubu's Armour, Hailstorm.
     0 | D:1      | Reached XP level 1. HP: 15/15 MP: 0/0
   469 | D:1      | Reached XP level 2. HP: 21/22 MP: 0/0
   470 | D:1      | Reached skill level 1 in Fighting
   853 | D:1      | Reached XP level 3. HP: 18/27 MP: 0/0
   853 | D:1      | Learned a level 1 spell: Foxfire
  1800 | D:2      | Reached XP level 4. HP: 31/33 MP: 0/0
  1818 | D:2      | Found a faded altar of an unknown god.
  2240 | D:2      | Reached skill level 4 in Spellcasting
  2429 | D:2      | You are sucked into a shaft and drop 2 floors!
  2465 | D:4      | Found Ruinoz's Magic Scroll Shoppe.
  2478 | D:4      | Reached XP level 5. HP: 25/40 MP: 0/0
  2478 | D:4      | Learned a level 2 spell: Ensorcelled Hibernation
  2853 | D:4      | Bought a scroll of identify for 24 gold pieces
  2853 | D:4      | Bought a scroll of fear for 48 gold pieces
  2861 | D:4      | Found Jeapholl's Armour Boutique.
  2865 | D:4      | Found Woudere's Jewellery Boutique.
  2879 | D:4      | Found Wuerecem's Jewellery Emporium.
  2963 | D:4      | Noticed Dowan
  2965 | D:4      | Noticed Duvessa
  2976 | D:4      | Slain by Duvessa

Illustrated notes

Levels and vault maps discovered:
D:1:      matt_arrival_spirals, layout_loops_ring, st_stairs_12
D:2:      minmay_recursive_quarters, layout_loops_corners,
          shapermc_ecumenical_altar_pompeii
D:4:      layout_cave_pools, serial_shops, shop, shop, shop, shop_fountains,
          nicolae_shop_temple_entry_statues_fountains, serial_column_ruins,
          column_ruins_hut, column_ruins_hut, column_ruins_grid_1,
          column_ruins_grid_3, column_ruins_grid_3, column_ruins_grid_3,
          column_ruins_grid_3, uniq_duvessa

Skill      XL: |  1  2  3  4  5 |
---------------+----------------+-----
Fighting       | 1 2 3 |  3.0
Spellcasting   | 4 |  4.5
Dodging        | |  2.1
Stealth        | |  1.5

Action                   |  1- 3 |  4- 6 || total
-------------------------+-------+-------++-------
Melee: Unarmed           |     1 |       ||     1
       Whip              |     8 |       ||     8
       Dagger            |       |     1 ||     1
Throw: Boomerang         |     8 |     1 ||     9
 Cast: Freeze            |    31 |    16 ||    47
       Foxfire           |    15 |    32 ||    47
       Frozen Ramparts   |     1 |     8 ||     9
       Ozocubu's Armour  |       |     3 ||     3
       Ensorcelled Hiber |       |     2 ||     2
  Use: Scroll            |       |     3 ||     3
 Stab: Distracted        |     1 |       ||     1
Armor: Robe              |     6 |     5 ||    11
Dodge: Dodged            |    25 |    14 ||    39
